Map: Orbital Shipyard

Players

Martingale

  • Race: Zerg Zerg
  • League: Silver

xKawaiian

  • Race: Zerg Zerg
  • League: Master

IIllIIIIIIIl (xKawaiian)

  • Race: Terran Terran

Schnitzel

  • Race: Terran Terran
  • League: Grandmaster

VOD

Have the link to the VOD?

Description

Time

  • Played on: Jan. 12, 2016, 10:54 p.m.
  • Length: 4:42
Show
View Real Time Build Order
Export as new Build Order

Martingale Zerg 

Build Orders: Hatch First 

Get SALT Encoding   

  12  0:01  Drone  
  13  0:12  Overlord  
  13  0:17  Drone  
  14  0:30  Drone x2  
  14  0:34  Drone  
  17  0:45  Drone  
  18  0:57  Drone  
  18  1:03  Hatchery  
  18  1:07  Drone  
  19  1:18  Drone  
  19  1:22  Extractor  
  19  1:30  Drone, Spawning Pool  
  19  1:39  Drone  
  20  1:50  Drone  
  20  1:53  Extractor  
  20  2:00  Drone  
  21  2:10  Overlord  
  22  2:17  Queen x2  
  27  2:22  Drone  
  27  2:23  Drone  
  26  2:39  Metabolic Boost  
  26  2:44  Drone  
  25  2:48  Zergling x2  
  25  2:49  Zergling x6  
  27  3:00  Drone x2  
  27  3:04  Queen  
  29  3:38  Overlord x2  
  29  3:44  Zergling x2  
  29  3:45  Zergling x10  
  29  3:46  Overlord x2  
  35  3:54  Baneling Nest  
  34  4:13  Zergling x2  
  34  4:14  Zergling x14  
Show
View Real Time Build Order
Export as new Build Order

xKawaiian Zerg 

Build Orders:  

Get SALT Encoding   

  12  0:01  SCV  
  13  0:13  SCV  
  14  0:18  Supply Depot  
  14  0:25  SCV  
  15  0:40  SCV  
  15  0:41  Barracks  
  16  0:44  Refinery  
  16  0:52  SCV  
  17  1:04  SCV  
  18  1:16  SCV  
  19  1:29  Orbital Command  
  19  1:30  Reaper  
  20  1:43  Command Center  
  20  1:55  SCV  
  20  2:00  Supply Depot  
  21  2:02  Reaper  
  21  2:08  SCV  
  23  2:18  Refinery  
  23  2:22  SCV  
  24  2:31  Factory  
  24  2:34  SCV  
  25  2:43  Barracks Reactor  
  25  2:46  SCV  
  26  2:55  Orbital Command  
  27  2:58  SCV  
  27  3:04  Command Center  
  27  3:10  SCV  
  28  3:17  Starport  
  28  3:20  SCV  
  28  3:22  SCV  
  30  3:27  Barracks Tech Lab, Hellion  
  30  3:31  Hellion  
  30  3:32  SCV  
  35  3:37  SCV  
  36  3:45  SCV  
  37  3:49  SCV  
  37  3:52  Barracks Tech Lab, Refinery  
  37  3:53  Hellion  
  40  3:56  Hellion  
  40  3:57  SCV  
  40  4:01  SCV  
  44  4:09  SCV  
  45  4:14  Supply Depot  
  45  4:16  Marine  
  49  4:22  SCV  
  50  4:24  SCV  
  53  4:40  Factory Reactor  
  53  4:41  Barracks x2  
Show
View Real Time Build Order
Export as new Build Order

IIllIIIIIIIl Terran 

Build Orders:  

Get SALT Encoding   

Show
View Real Time Build Order
Export as new Build Order

Schnitzel Terran 

Build Orders:  

Get SALT Encoding   

Tags
 
Add a new tag
Caveats
  • Supply blocks, unpowered buildings, or Contaminate may cause inaccurate times.
  • Supply counts are checked every 10 seconds.